Map: Corrosion EC

Players

akprocent

  • Race: Protoss Protoss
  • League: Platinum
  • Spawn Location: 11:00

HoldTheDoor - Winner!

  • Race: Protoss Protoss
  • League: Diamond
  • Spawn Location: 5:00

VOD

Have the link to the VOD?

Description

Time

  • Played on: July 7, 2018, 2:04 p.m.
  • Length: 16:57
Show
View Real Time Build Order
Export as new Build Order

akprocent Protoss 

Build Orders:  

Get SALT Encoding   

  12  0:02  Probe  
  13  0:16  Pylon  
  13  0:17  Probe  
  14  0:29  Probe  
  15  0:36  Gateway  
  15  0:44  Assimilator  
  15  0:45  Probe  
  16  0:57  Probe  
  16  0:58  Assimilator  
  17  1:08  Gateway  
  17  1:24  Cybernetics Core  
  17  1:26  Probe  
  18  1:37  Pylon  
  18  1:38  Probe  
  19  1:46  Pylon  
  19  2:07  Warp Gate  
  19  2:09  Stalker  
  19  2:12  Stalker  
  23  2:42  Robotics Facility  
  23  2:46  Probe  
  24  2:55  Stalker  
  25  2:58  Probe  
  25  3:04  Stalker  
  27  3:10  Probe, Pylon  
  30  3:46  Nexus  
  30  4:04  Stalker  
  30  4:13  Stalker  
  34  4:21  Observer  
  35  4:24  Forge  
  35  4:27  Probe  
  34  4:49  Protoss Ground Weapons Level 1  
  31  4:56  Probe  
  32  5:02  Immortal  
  32  5:04  Photon Cannon  
  36  5:08  Probe  
  36  5:09  Probe  
  38  5:20  Stalker, Probe  
  41  5:21  Probe  
  42  5:30  Pylon  
  40  5:41  Probe  
  40  5:42  Probe, Pylon  
  42  5:54  Probe  
  43  6:03  Stargate  
  43  6:08  Zealot x2  
  47  6:20  Probe x2  
  49  6:27  Photon Cannon  
  49  6:30  Assimilator  
  49  6:32  Probe  
  49  6:33  Probe  
  48  6:49  Probe  
  48  6:50  Probe  
  50  6:59  Stalker x2  
  54  7:02  Probe x2  
  54  7:05  Assimilator  
  56  7:14  Probe x2  
  58  7:19  Void Ray  
  62  7:26  Probe x2  
  64  7:30  Protoss Ground Armor Level 1  
  64  7:38  Forge  
  64  7:40  Twilight Council  
  64  7:45  Probe x2  
  66  7:59  Stalker x2  
  70  8:06  Gateway  
  70  8:21  Protoss Ground Weapons Level 2  
  70  8:25  Nexus, Charge  
  68  8:38  Probe  
  69  8:41  Probe  
  70  8:55  Stargate  
  70  9:00  Protoss Air Weapons Level 1  
  70  9:07  Fleet Beacon  
  70  9:19  Pylon  
  70  9:36  Probe x2  
  72  9:40  Probe  
  73  9:49  Probe x2  
  75  9:53  Probe  
  75  9:55  Stargate  
  75  9:58  Stargate  
  76  10:01  Observer, Probe x2  
  76  10:05  Probe  
  79  10:10  Carrier  
  85  10:33  Probe x3  
  88  10:39  Pylon  
  88  10:40  Nexus  
  88  10:41  Pylon  
  88  10:44  Assimilator  
  88  10:45  Probe  
  88  10:46  Probe  
  88  10:49  Assimilator  
  90  10:53  Graviton Catapult  
  90  10:56  Pylon  
  90  10:57  Carrier  
  90  10:59  Pylon  
  90  11:00  Protoss Shields Level 1  
  90  11:03  Protoss Air Weapons Level 2  
  96  11:09  Observer  
  97  11:17  Probe x3  
  100  11:21  Assimilator  
  100  11:27  Assimilator  
  100  11:33  Probe x3  
  100  11:37  Pylon  
  100  11:38  Mothership  
  103  11:45  Probe x2  
  106  11:51  Carrier  
  113  11:57  Probe x3  
  116  12:06  Carrier  
  122  12:09  Probe  
  122  12:12  Templar Archives  
  123  12:21  Probe x3  
  132  12:35  Observer, Protoss Ground Weapons Level 3  
  132  12:59  Observer  
  132  13:08  Carrier  
  132  13:09  Protoss Air Armor Level 1  
  138  13:26  High Templar x2  
  142  13:30  Archon  
  142  13:35  Carrier  
  148  13:42  Cybernetics Core  
  148  14:01  Pylon  
  148  14:03  Pylon  
  148  14:07  Pylon  
  148  14:09  Pylon  
  148  14:10  Protoss Air Weapons Level 3  
  148  14:12  Pylon  
  148  14:14  Pylon  
  148  14:15  Pylon  
  148  14:18  Pylon, Carrier  
  148  14:19  Observer  
  148  14:21  Pylon  
  148  14:22  High Templar  
  148  14:23  High Templar  
  159  14:27  Archon  
  159  14:29  Carrier  
  165  14:41  Carrier  
  171  14:56  High Templar x2  
  175  15:00  Archon  
  175  15:02  Probe x2  
  177  15:14  Nexus  
  177  15:15  Carrier  
  189  15:50  High Templar x2  
  189  15:54  Archon  
Show
View Real Time Build Order
Export as new Build Order

HoldTheDoor Protoss - Winner!

Build Orders: Oracle Opening 

Get SALT Encoding   

  12  0:00  Probe  
  13  0:12  Probe  
  14  0:17  Pylon  
  14  0:24  Probe  
  15  0:35  Probe  
  15  0:39  Gateway  
  16  0:43  Probe  
  16  0:44  Assimilator  
  17  0:51  Probe  
  18  0:58  Assimilator  
  18  1:03  Probe  
  19  1:11  Gateway  
  19  1:15  Probe  
  20  1:27  Probe  
  20  1:30  Cybernetics Core  
  21  1:39  Probe  
  22  1:40  Pylon  
  22  1:58  Zealot  
  24  2:06  Stalker, Pylon  
  26  2:11  Warp Gate  
  26  2:21  Probe  
  27  2:25  Pylon  
  27  2:32  Stalker  
  29  2:38  Stargate  
  29  2:45  Probe  
  30  3:04  Nexus  
  30  3:11  Probe  
  31  3:23  Probe  
  31  3:26  Oracle  
  32  3:37  Pylon  
  35  3:42  Probe  
  35  3:54  Probe  
  36  3:56  Pylon  
  36  4:16  Stalker  
  36  4:17  Stalker  
  40  4:20  Probe  
  40  4:22  Probe  
  42  4:26  Void Ray  
  42  4:28  Shield Battery  
  46  4:32  Probe  
  46  4:34  Probe  
  48  4:44  Probe  
  49  4:57  Protoss Air Weapons Level 1  
  49  4:59  Stalker x2  
  53  5:01  Probe x2  
  53  5:02  Void Ray  
  55  5:11  Assimilator  
  55  5:13  Probe  
  60  5:17  Probe  
  61  5:25  Probe  
  62  5:29  Probe  
  63  5:38  Probe  
  63  5:42  Probe  
  65  5:46  Assimilator  
  65  5:50  Probe  
  65  5:54  Probe  
  65  5:56  Shield Battery  
  67  5:58  Pylon  
  67  6:02  Probe  
  67  6:03  Fleet Beacon  
  68  6:06  Probe  
  68  6:09  Pylon  
  69  6:14  Probe  
  69  6:15  Pylon  
  69  6:18  Forge  
  70  6:20  Forge  
  70  6:22  Probe  
  70  6:25  Stalker, Pylon  
  73  6:26  Probe  
  74  6:41  Pylon  
  74  6:49  Probe x2  
  76  6:59  Nexus  
  76  7:02  Probe x2  
  76  7:08  Protoss Air Weapons Level 2, Protoss Ground Armor Level 1, Protoss Ground Weapons Level 1  
  78  7:12  Stalker x2  
  78  7:14  Carrier  
  82  7:18  Probe x2  
  82  7:22  Assimilator  
  84  7:26  Pylon  
  84  7:28  Pylon  
  84  7:34  Graviton Catapult  
  90  7:52  Probe x2  
  90  7:55  Stalker x2  
  96  8:01  Twilight Council  
  96  8:03  Gateway  
  96  8:05  Gateway  
  96  8:11  Stargate  
  96  8:18  Stalker x2  
  100  8:34  Probe x2  
  100  8:35  Carrier  
  100  8:39  Assimilator  
  100  8:40  Probe  
  109  8:46  Probe  
  109  8:47  Probe, Charge  
  111  8:56  Probe  
  112  9:05  Pylon  
  112  9:07  Carrier  
  118  9:11  Pylon  
  118  9:14  Protoss Ground Weapons Level 2  
  118  9:21  Protoss Shields Level 1, Pylon  
  118  9:24  Protoss Air Weapons Level 3  
  118  9:31  Photon Cannon  
  118  9:34  Photon Cannon  
  118  9:37  Photon Cannon  
  118  9:40  Photon Cannon  
  118  9:49  Cybernetics Core, Probe x2  
  120  9:59  Nexus  
  120  10:03  Pylon  
  120  10:05  Photon Cannon  
  120  10:07  Protoss Air Armor Level 1  
  120  10:10  Shield Battery  
  120  10:11  Pylon  
  120  10:14  Probe  
  120  10:15  Probe  
  120  10:16  Assimilator  
  120  10:17  Carrier  
  120  10:20  Assimilator  
  128  10:21  Stalker x2  
  132  10:32  Carrier  
  138  10:38  Blink  
  138  10:47  Photon Cannon  
  138  10:49  Photon Cannon  
  138  10:55  Photon Cannon  
  138  10:56  Pylon  
  138  10:58  Zealot x2  
  138  10:59  Zealot  
  138  11:01  Sentry  
  138  11:02  Protoss Ground Weapons Level 3  
  138  11:03  Probe x2  
  148  11:15  Protoss Shields Level 2  
  148  11:19  Stargate  
  148  11:27  Robotics Facility  
  148  11:33  Carrier  
  154  11:57  Probe x2  
  154  12:00  Carrier  
  162  12:03  Void Ray  
  162  12:08  Zealot x4  
  168  12:15  Probe  
  175  12:30  Protoss Air Armor Level 2  
  175  12:32  Gateway  
  175  12:34  Gateway  
  175  12:37  Gateway  
  175  12:38  Observer  
  175  12:40  Pylon  
  176  12:44  Pylon  
  176  12:46  Void Ray  
  176  12:48  Gateway  
  180  12:59  Void Ray  
  184  13:06  Photon Cannon  
  184  13:07  Photon Cannon  
  184  13:08  Photon Cannon  
  184  13:09  Shield Battery x2  
  184  13:14  Pylon  
  184  13:17  Pylon  
  184  13:21  Photon Cannon  
  184  13:26  Void Ray, Photon Cannon  
  188  13:28  Shield Battery  
  188  13:29  Photon Cannon  
  188  13:30  Pylon  
  188  13:31  Shield Battery  
  188  13:32  Photon Cannon  
  188  13:35  Photon Cannon  
  188  13:38  Mothership, Photon Cannon, Void Ray  
  188  13:39  Pylon  
  192  13:48  Protoss Ground Armor Level 2  
  200  13:49  Protoss Shields Level 3  
  200  14:21  Gateway  
  200  14:23  Gateway  
  200  14:25  Pylon  
  200  14:26  Gateway  
  200  14:28  Gateway  
  200  14:31  Pylon  
  200  14:35  Pylon  
  199  14:40  Probe  
  199  14:42  Pylon  
  200  14:46  Pylon  
  200  15:03  Anion Pulse-Crystals  
  200  15:16  Templar Archives  
  200  15:19  Pylon  
  200  15:57  Pylon  
  200  16:00  Pylon  
Tags
 
Add a new tag
Caveats
  • Supply blocks, unpowered buildings, or Contaminate may cause inaccurate times.
  • Supply counts are checked every 10 seconds.